 Dungeon Crawl Stone Soup version 0.29-a0-330-g52719c12eb (webtiles) character file.

Game seed: 10537196269749602949

3575 gruber the Fighter (level 10, -3/78 HPs)
             Began as a Djinni Ice Elementalist on Apr 29, 2022.
             Shot with a sling bullet by Joseph (6 damage)
             ... on level 8 of the Dungeon.
             The game lasted 00:11:33 (7141 turns).

gruber the Fighter (Djinni Ice Elementalist)        Turns: 7141, Time: 00:11:33

Health: -3/78      AC:  5    Str: 15    XL:     10   Next: 31%
Gold:   438        EV: 15    Int: 22    God:
                   SH:  0    Dex: 15

rFire   + + .      SeeInvis .   j - +2 short sword (elec)
rCold   . . .      Faith    .   (no shield)
rNeg    . . .      Spirit   .   C - +2 robe {rC+}
rPois   ∞          Reflect  .   (no helmet)
rElec   .          Harm     .   h - scarf {+Inv}
rCorr   .          Rampage  .   I - +0 pair of gloves
Will    ++...                   (boots unavailable)
Stlth   ++........              g - amulet of regeneration
HPRegen 1.03/turn               e - +6 ring of strength
MPRegen 0.00/turn               F - ring of willpower

@: freezing walls, flying
A: sickness immunity, fire resistance 2, cold vulnerability 1, float, innate
caster, HP casting, extra vitality 1, clever 1, mutation resistance 1, strong 1,
noise suppression
a: Evoke Invisibility


You were on level 8 of the Dungeon.
You visited 2 branches of the dungeon, and saw 9 of its levels.

You collected 438 gold pieces.

Inventory:

Hand Weapons
 j - a +2 short sword of electrocution (weapon)
 B - a +0 whip of electrocution
 H - a +3 long sword
Armour
 h - a scarf of invisibility (worn)
 C - a +2 robe of cold resistance (worn)
 G - +0 acid dragon scales
 I - a +0 pair of gloves (worn)
Jewellery
 e - a +6 ring of strength (left hand)
 g - an amulet of regeneration (around neck)
 F - a ring of willpower (right hand)
Wands
 v - a wand of iceblast (8)
 A - a wand of flame (14)
Scrolls
 c - 2 scrolls of vulnerability {unknown}
 d - 11 scrolls of teleportation {unknown}
 f - 2 scrolls of noise {unknown}
 i - a scroll of blinking {unknown}
 l - 5 scrolls of enchant weapon {unknown}
 m - 7 scrolls of identify {unknown}
 n - 2 scrolls of brand weapon {unknown}
 p - 2 scrolls of fear {unknown}
 q - a scroll of amnesia {unknown}
 t - a scroll of holy word {unknown}
 y - 2 scrolls of torment {unknown}
 J - a scroll of enchant armour {unknown}
Potions
 a - a potion of invisibility {unknown}
 b - 5 potions of mutation
 o - 2 potions of cancellation {unknown}
 r - a potion of flight {unknown}
 s - 2 potions of might {unknown}
 u - 7 potions of curing {unknown}
 w - a potion of resistance {unknown}
 x - a potion of attraction {unknown}
 z - a potion of ambrosia {unknown}
 D - a potion of haste {unknown}
 E - a potion of magic {unknown}


   Skills:
 - Level 9.0 Fighting
 - Level 6.1 Dodging
 - Level 1.5 Stealth
 * Level 8.1 Spellcasting


You had 5 spell levels left.
You knew the following spells:

 Your Spells              Type           Power      Damage    Failure   Level
a - Freeze                Ice            100%       1d11      1%          1
b - Frozen Ramparts       Ice            88%        1d10      1%          3
c - Ozocubu's Armour      Ice            44%        N/A       1%          3
d - Hailstorm             Conj/Ice       44%        3d10      2%          4
e - Sting                 Tmut/Pois      100%       1d8       1%          1
f - Call Imp              Summ           44%        N/A       1%          2
g - Ensorcelled Hibernat  Hex/Ice        88%        N/A       1%          2
h - Cause Fear            Hex            22%        N/A       2%          4
Your spell library was empty.

Dungeon Overview and Level Annotations

Branches:
Dungeon (8/15)             Temple (1/1) D:5
   Lair: D:8-11

Altars:
Dithmenos
Elyvilon
Fedhas
Hepliaklqana
Kikubaaqudgha
Nemelex Xobeh
Okawaru
Qazlal
Ru
Trog
Uskayaw
Wu Jian
Xom
Yredelemnul
Zin
The Shining One

Shops:
D:1 (

Annotations:
D:8 Joseph


Innate Abilities, Weirdness & Mutations

You are immune to sickness and miasma.
You are immune to poison.
Your flesh is very heat resistant. (rF++)
You are vulnerable to cold. (rC-)
You float through the air rather than walking.
You learn spells naturally, not from books.
Your magical power is your life essence.
You have superior vitality. (+4 MHP)
Your mind is acute. (Int +2)
You are somewhat resistant to further mutation.
Your muscles are strong. (Str +2)
You passively dampen the noise of your surroundings.


Message History

Casting: Hailstorm (dangerous; 2% risk of failure)
Press: ? - help, Dir - look around, f - activate Really hailstorm near your white imp?
Okay, then.
Unknown command.
Casting: Hailstorm (dangerous; 2% risk of failure)
Confirm with . or Enter, or press ? or * to list all spells.
Casting: Frozen Ramparts (safe; 1% risk of failure)
Press: ? - help, Dir - look around, f - activate The walls around you are covered in ice.
* * * LOW HITPOINT WARNING * * *
The wall freezes Joseph.
Joseph shoots a sling bullet.
The sling bullet hits you!
* * * LOW HITPOINT WARNING * * *
The sling bullet freezes you.
* * * LOW HITPOINT WARNING * * *
Unknown command.
Unknown command.
You feel much better.
The wall freezes Joseph!
Joseph shoots a sling bullet.
The sling bullet hits you!
* * * LOW HITPOINT WARNING * * *
The sling bullet freezes you.
* * * LOW HITPOINT WARNING * * *
You feel much better.
The wall freezes Joseph!
Joseph shoots a sling bullet.
The sling bullet hits you!
* * * LOW HITPOINT WARNING * * *
The sling bullet freezes you.
* * * LOW HITPOINT WARNING * * *
Unknown command.
Unknown command.
Aiming: Iceblast
Press: ? - help, Shift-Dir - straight line, f - Joseph
Aim: Joseph, wielding a +4 hunting sling of freezing and wearing a +0 leather armour (moderately wounded, ally target)
The mass of ice explodes!
The iceblast engulfs Joseph!
Joseph is severely wounded.
The wall freezes Joseph.
Joseph shoots a sling bullet.
The sling bullet hits you!
* * * LOW HITPOINT WARNING * * *
The sling bullet freezes you.
You die...

#.#
#.....#
#.#
###.###
#<# #.#
#.# #.#
#.# #.#
#.# #.#
#.# #.#
#.# #5#
##.#
#@#
#..#
#.#
#.##
#.# #.#
#@# #.#
#.# #.#
#.# #.#
...
####.#
#.#
#....#


You could see Joseph (ally target) and a friendly white imp (summoned).

Vanquished Creatures
  Pikel (D:6)
  Maggie (D:7)
  Prince Ribbit (D:5)
  An orc warrior (D:4)
  An ice beast (D:6)
  2 sky beasts
  Pargi (D:3)
  An ogre (D:6)
  2 centaurs
  2 lemures (D:6)
  A kobold brigand (D:6)
  4 bullfrogs
  A necrophage (D:5)
  A scorpion (D:6)
  11 wights
  3 howler monkeys (D:7)
  A hound (D:6)
  3 jellies
  2 gnoll shamans
  An orc priest (D:8)
  3 iguanas
  Natasha (thrice) (D:3)
  6 orc wizards
  Terence (D:3)
  10 gnolls
  5 adders
  A shadow imp (D:7)
  2 ufetubi
  2 worms (D:2)
  A dart slug (D:1)
  18 orcs
  5 endoplasms
  6 giant cockroaches
  3 goblins
  7 hobgoblins
  13 jackals
  9 kobolds
  4 quokkas
  5 ball pythons
  3 bats
  4 frilled lizards
  5 rats
157 creatures vanquished.

Vanquished Creatures (collateral kills)
  A wight (D:7)
1 creature vanquished.

Vanquished Creatures (others)
  An angel (D:6)
  An orc (D:6)
  5 plants (D:6)
7 creatures vanquished.

Grand Total: 165 creatures vanquished

Notes
Turn   | Place    | Note
-------+----------+-------------------------------------------
     0 | D:1      | gruber the Djinni Ice Elementalist began the quest for the
                  | Orb.
     0 | D:1      | Reached XP level 1. HP: 15/15 MP: 0/0
   121 | D:1      | Reached XP level 2. HP: 16/21 MP: 0/0
   532 | D:1      | Reached XP level 3. HP: 25/25 MP: 0/0
   532 | D:1      | Learned a level 1 spell: Sting
   537 | D:1      | Found a faded altar of an unknown god.
   593 | D:1      | Found Ecuin's Weapon Boutique.
  1156 | D:2      | Reached XP level 4. HP: 27/31 MP: 0/0
  1721 | D:3      | Noticed Natasha
  1727 | D:3      | Killed Natasha
  1763 | D:3      | Noticed Natasha
  1769 | D:3      | Killed Natasha
  1770 | D:3      | Reached XP level 5. HP: 27/35 MP: 0/0
  1770 | D:3      | Learned a level 2 spell: Call Imp
  1782 | D:3      | Noticed Natasha
  1926 | D:3      | Noticed Terence
  1930 | D:3      | Killed Terence
  1931 | D:3      | Reached skill level 5 in Spellcasting
  2102 | D:3      | Noticed Pargi
  2114 | D:3      | Killed Pargi
  2115 | D:3      | Reached XP level 6. HP: 19/40 MP: 0/0
  2178 | D:3      | Killed Natasha
  2420 | D:4      | Reached XP level 7. HP: 23/45 MP: 0/0
  2420 | D:4      | Learned a level 2 spell: Ensorcelled Hibernation
  2433 | D:3      | HP: 1/35 [wight/+0 falchion (8)]
  2437 | D:3      | Gained mutation: Your muscles are strong. (Str +2) [potion
                  | of mutation]
  2437 | D:3      | Gained mutation: Your mind is acute. (Int +2) [potion of
                  | mutation]
  2437 | D:3      | Gained mutation: You are somewhat resistant to further
                  | mutation. [potion of mutation]
  2437 | D:3      | Gained mutation: You passively dampen the noise of your
                  | surroundings. [potion of mutation]
  3186 | D:5      | Entered Level 5 of the Dungeon
  3328 | D:5      | Noticed Prince Ribbit
  3350 | D:5      | Killed Prince Ribbit
  3351 | D:5      | Reached XP level 8. HP: 14/50 MP: 0/0
  3620 | D:5      | You are sucked into a shaft and drop 2 floors!
  3632 | D:7      | Reached skill level 2 in Fighting
  3779 | D:7      | Found a hide-covered altar of Uskayaw.
  3804 | D:7      | Reached skill level 3 in Fighting
  3917 | D:7      | Reached skill level 4 in Fighting
  3946 | D:6      | Reached skill level 5 in Fighting
  3974 | D:6      | Noticed an angel
  3975 | D:6      | Found a shimmering altar of Xom.
  3975 | D:6      | Found a glowing silver altar of Zin.
  3976 | D:6      | Noticed Pikel
  3999 | D:6      | Killed Pikel
  4000 | D:6      | Reached skill level 7 in Fighting
  4000 | D:6      | Reached XP level 9. HP: 49/68 MP: 0/0
  4000 | D:6      | Learned a level 4 spell: Cause Fear
  4066 | D:6      | Found a glowing golden altar of the Shining One.
  4194 | D:6      | Identified the +2 robe of Purpose {Str+3}
  4226 | D:6      | Found a hazy altar of Hepliaklqana.
  4243 | D:6      | Reached skill level 8 in Fighting
  4338 | D:6      | Found a blossoming altar of Fedhas.
  4407 | D:6      | Killed an angel
  4765 | D:5      | Found a staircase to the Ecumenical Temple.
  4815 | Temple   | Entered the Ecumenical Temple
  5221 | D:4      | Reached skill level 9 in Fighting
  6373 | D:7      | Noticed Maggie
  6388 | D:7      | Killed Maggie
  6389 | D:7      | Reached XP level 10. HP: 45/78 MP: 0/0
  6438 | D:7      | Reached skill level 5 in Dodging
  6680 | D:8      | Found an iron altar of Okawaru.
  7133 | D:8      | Noticed Joseph
  7138 | D:8      | HP: 3/78 [Joseph/sling bullet (2)]
  7141 | D:8      | Shot with a sling bullet by Joseph

Illustrated notes

Levels and vault maps discovered:
D:1:      dpeg_arrival_rooms_with_view, layout_loops_ring,
          ebering_ecumenical_altar_hall, serial_shops,
          nicolae_shop_window_shopping
D:2:      layout_basic
D:3:      layout_loops_ring, uniq_natasha, uniq_terence, uniq_pargi
D:4:      layout_basic, roderic_lattice_a, dk_noncrumbling_2, st_stairs_8
D:5:      layout_gridville, minmay_temple_entry_drinking_statues,
          portal_sewer_entry_b, uniq_prince_ribbit1
D:6:      layout_rooms, grunt_temple_overflow_order_and_chaos_1,
          mainiacjoe_overflow_boulevard, tso_metal_star, fedhas_altar_2,
          grunt_decor_cap, uniq_pikel
D:7:      layout_rooms, kennysheep_little_box, patterned_corridor, uniq_maggie
D:8:      layout_loops_ring, lemuel_doored_altar, lightli_temple_of_fire,
          uniq_joseph
Temple:   compressed_dpeg_triangle_lava_temple

Skill      XL: |  1  2  3  4  5  6  7  8  9 10 |
---------------+-------------------------------+-----
Spellcasting   | 4 5 6 7 8 |  8.1
Fighting       | 7 9 |  9.0
Dodging        | 4 6 |  6.1
Stealth        | |  1.5

Action                   |  1- 3 |  4- 6 |  7- 9 | 10-12 || total
-------------------------+-------+-------+-------+-------++-------
Melee: Unarmed           |     9 |       |       |       ||     9
       Short sword       |     2 |     6 |    85 |    24 ||   117
       Punch             |       |       |     2 |       ||     2
 Cast: Freeze            |    26 |       |     5 |       ||    31
       Sting             |    39 |    46 |    25 |    10 ||   120
       Frozen Ramparts   |       |     8 |    19 |     4 ||    31
       Ozocubu's Armour  |       |     4 |    10 |     2 ||    16
       Hailstorm         |       |     3 |    14 |    13 ||    30
       Call Imp          |       |       |     9 |     2 ||    11
 Abil: Evoke Invisibilit |       |       |     1 |       ||     1
Evoke: Wand              |       |       |       |     1 ||     1
  Use: Potion            |       |       |     3 |     2 ||     5
 Stab: Sleeping          |       |       |     1 |     1 ||     2
Armor: Robe              |    11 |    14 |    39 |     4 ||    68
Dodge: Dodged            |    35 |    18 |    98 |    23 ||   174

Table legend: (Time is in decaauts)
 A = Elapsed time spent in this place.
 B = Non-inter-level travel time spent in this place.
 C = Inter-level travel time spent in this place.
 D = Time resting spent in this place.
 E = Time spent auto-exploring this place.
 F = Levels seen in this place.
 G = Mean time per level.
                   A        B        C        D        E       F      G
               +--------+--------+--------+--------+--------+-----+--------+
         Total |   7156 |   6778 |    378 |    300 |   5262 |   9 |  795.1 |
       Dungeon |   6815 |   6463 |    352 |    300 |   4954 |   8 |  851.9 |
        Temple |    340 |    315 |     25 |      0 |    308 |   1 |  340.0 |
               +--------+--------+--------+--------+--------+-----+--------+

Top non-repeatable levels by time:
     D:2: 1074 daAuts
     D:4: 1002 daAuts
     D:1: 969 daAuts
     D:6: 950 daAuts
     D:5: 855 daAuts
     D:3: 774 daAuts
     D:7: 670 daAuts
     D:8: 518 daAuts
  Temple: 340 daAuts
